 Dungeon Crawl Stone Soup version 0.29-a0-520-gc852659d43 (webtiles) character file.

Game seed: 2441506207350271104

378 DocClef the Covert (level 6, 0/53 HPs)
             Began as a Gnoll Delver on May 31, 2022.
             Slain by an ice beast (12 damage)
             ... on level 5 of the Dungeon.
             The game lasted 00:03:25 (2582 turns).

DocClef the Covert (Gnoll Delver)                   Turns: 2582, Time: 00:03:26

Health: 0/53       AC:  3    Str: 13    XL:     6   Next: 74%
Magic:  9/9        EV: 13    Int:  9    God:
Gold:   145        SH:  0    Dex: 14    Spells: 9/9 levels left

rFire   . . .      SeeInvis .   a - +0 short sword
rCold   . . .      Faith    .   (no shield)
rNeg    . . .      Spirit   .   b - +0 leather armour
rPois   .          Reflect  .   (no helmet)
rElec   .          Harm     .   (no cloak)
rCorr   .          Rampage  .   (no gloves)
Will    .....                   (no boots)
Stlth   ++++......              (no amulet)
HPRegen 0.17/turn               (no ring)
MPRegen 0.11/turn               (no ring)

@: no status effects
A: fangs 1, strong nose, distributed training
a: no special abilities


You were on level 5 of the Dungeon.
You visited 1 branch of the dungeon, and saw 1 of its levels.
You also visited: Ossuary.

You collected 145 gold pieces.

Inventory:

Hand Weapons
 a - a +0 short sword (weapon)
Armour
 b - a +0 leather armour (worn)
Wands
 g - a wand of digging (3)
 h - a wand of flame (18)
 i - a wand of polymorph (9)
Scrolls
 c - 3 scrolls of fog
 d - a scroll of magic mapping
 e - 2 scrolls of fear
 k - a scroll of identify
 m - 2 scrolls of immolation {unknown}
 n - a scroll of blinking {unknown}
 o - a scroll of amnesia {unknown}
 r - a scroll of acquirement {unknown}
 t - a scroll of teleportation {unknown}
Potions
 f - 2 potions of haste
 j - 2 potions of curing
 l - a potion of degeneration {unknown}
 p - a potion of cancellation {unknown}
 q - a potion of heal wounds {unknown}
 s - a potion of lignification {unknown}
 u - a potion of might {unknown}


   Skills:
 + Level 6.9 Fighting
 + Level 5.0 Short Blades
 + Level 2.1 Long Blades
 + Level 2.1 Axes
 + Level 2.1 Maces & Flails
 + Level 2.1 Polearms
 + Level 2.1 Staves
 + Level 2.1 Slings
 + Level 2.1 Bows
 + Level 2.1 Crossbows
 + Level 2.1 Throwing
 + Level 2.1 Armour
 + Level 5.0 Dodging
 + Level 9.8 Stealth
 + Level 2.1 Shields
 + Level 2.1 Unarmed Combat
 + Level 2.1 Spellcasting
 + Level 1.6 Conjurations
 + Level 1.6 Hexes
 + Level 1.6 Summonings
 + Level 1.6 Necromancy
 + Level 1.6 Translocations
 + Level 1.6 Transmutations
 + Level 1.6 Fire Magic
 + Level 1.6 Ice Magic
 + Level 1.6 Air Magic
 + Level 1.6 Earth Magic
 + Level 1.6 Poison Magic
 + Level 2.3 Invocations
 + Level 2.1 Evocations


You had 9 spell levels left.
You didn't know any spells.
Your spell library was empty.

Dungeon Overview and Level Annotations

Branches:
Dungeon (5/15)            Ossuary (visited)
 Temple: D:4-7

Altars:


Innate Abilities, Weirdness & Mutations

You have very sharp teeth.
Your uncanny sense of smell can sniff out nearby items.
Your experience applies equally to all skills.


Message History

You now have 145 gold pieces (gained 6).
There is a stone staircase leading down here.
An ice beast comes into view.
An ice beast is nearby!
An ice beast is nearby!
You closely miss the ice beast. The ice beast hits you.
The ice beast freezes you!
You barely miss the ice beast. The ice beast completely misses you.
You hit the ice beast.
The ice beast is lightly wounded.
The ice beast hits you. The ice beast freezes you!
You hit the ice beast but do no damage. Your bite misses the ice beast.
The ice beast is lightly wounded.
The ice beast closely misses you.
You hit the ice beast but do no damage.
The ice beast is lightly wounded.
The ice beast hits you. The ice beast freezes you!
* * * LOW HITPOINT WARNING * * *
You are too injured to fight recklessly!
You are too injured to fight recklessly!
You are too injured to fight recklessly!
You are too injured to fight recklessly!
You are too injured to fight recklessly!
You are too injured to fight recklessly!
You are too injured to fight recklessly!
You are too injured to fight recklessly!
You are too injured to fight recklessly!
The ice beast attacks as you move away! The ice beast barely misses you.
As you read the scroll labelled LOQECS OTRYB, it crumbles to dust.
It is a scroll of identify.
j - 2 potions of curing The ice beast hits you but does no damage.
You hit the ice beast.
The ice beast is moderately wounded.
You barely miss the ice beast.
The ice beast is moderately wounded.
The ice beast hits you.
* * * LOW HITPOINT WARNING * * *
The ice beast freezes you!
You die...

.####### #...# #.# #. .#######
#.# #..## #.# #. .......# #.#
#..# #.# #. .#####.# #.# #..# #.#
#. .# ##.# #.# #..# #.# #. .#
##...# #.# #..# #.# #. .#
#.....##.# #..# #.#####
.##.......#.#####..# #......
...............Y@.>##########.##.
............######............##.
.........#### ###############.
#####...# #. # ##.# ###. # ##
#######... ###### #.........
.....# #.#####.## .###.# #.# #[#


You could see an ice beast.

Vanquished Creatures
  A necrophage (D:5)
  4 centaur zombies (Ossuary)
  An iguana (D:5)
  An ogre zombie (Ossuary)
  8 mummies
  An ufetubus (D:5)
  4 adder zombies (Ossuary)
  3 orcs (D:5)
  2 gnoll zombies (Ossuary)
  3 goblin zombies (Ossuary)
  8 hobgoblin zombies (Ossuary)
  A kobold zombie (Ossuary)
  An orc zombie (Ossuary)
  2 quokka zombies (Ossuary)
  4 rat zombies (Ossuary)
44 creatures vanquished.

Notes
Turn   | Place    | Note
-------+----------+-------------------------------------------
     0 | D:5      | Reached skill level 9 in Stealth
     0 | D:5      | DocClef the Gnoll Delver began the quest for the Orb.
     0 | D:5      | Reached XP level 1. HP: 23/23 MP: 1/1
    89 | D:5      | Noticed a necrophage
   106 | D:5      | Killed a necrophage
   107 | D:5      | Reached skill level 1 in Long Blades
   107 | D:5      | Reached skill level 1 in Axes
   107 | D:5      | Reached skill level 1 in Maces & Flails
   107 | D:5      | Reached skill level 1 in Polearms
   107 | D:5      | Reached skill level 1 in Staves
   107 | D:5      | Reached skill level 1 in Slings
   107 | D:5      | Reached skill level 1 in Bows
   107 | D:5      | Reached skill level 1 in Crossbows
   107 | D:5      | Reached skill level 1 in Throwing
   107 | D:5      | Reached skill level 1 in Armour
   107 | D:5      | Reached skill level 1 in Shields
   107 | D:5      | Reached skill level 1 in Unarmed Combat
   107 | D:5      | Reached skill level 1 in Spellcasting
   107 | D:5      | Reached skill level 1 in Invocations
   107 | D:5      | Reached skill level 1 in Evocations
   107 | D:5      | Reached XP level 2. HP: 15/29 MP: 1/3
   107 | D:5      | Reached XP level 3. HP: 18/35 MP: 1/4
   107 | D:5      | Reached XP level 4. HP: 21/41 MP: 1/5
   307 | D:5      | Reached skill level 1 in Conjurations
   307 | D:5      | Reached skill level 1 in Hexes
   307 | D:5      | Reached skill level 1 in Summonings
   307 | D:5      | Reached skill level 1 in Necromancy
   307 | D:5      | Reached skill level 1 in Translocations
   307 | D:5      | Reached skill level 1 in Transmutations
   307 | D:5      | Reached skill level 1 in Fire Magic
   307 | D:5      | Reached skill level 1 in Ice Magic
   307 | D:5      | Reached skill level 1 in Air Magic
   307 | D:5      | Reached skill level 1 in Earth Magic
   307 | D:5      | Reached skill level 1 in Poison Magic
   513 | D:5      | Found a sand-covered staircase.
   532 | Ossuary  | Entered an ossuary
   535 | Ossuary  | Reached XP level 5. HP: 35/47 MP: 5/7
   858 | Ossuary  | Reached XP level 6. HP: 53/53 MP: 8/8
   956 | Ossuary  | Reached skill level 5 in Short Blades
   956 | Ossuary  | Reached skill level 5 in Dodging
  2566 | D:5      | Noticed an ice beast
  2582 | D:5      | Slain by an ice beast

Illustrated notes

Levels and vault maps discovered:
D:5:      layout_loops_ring, gup_ossuary_entry_pyramid, serial_shops,
          nicolae_shop_stone

Skill      XL: |  1  2  3  4  5  6 |
---------------+-------------------+-----
Stealth        | |  9.8
Long Blades    | 1 2 |  2.1
Axes           | 1 2 |  2.1
Maces & Flails | 1 2 |  2.1
Polearms       | 1 2 |  2.1
Staves         | 1 2 |  2.1
Slings         | 1 2 |  2.1
Bows           | 1 2 |  2.1
Crossbows      | 1 2 |  2.1
Throwing       | 1 2 |  2.1
Armour         | 1 2 |  2.1
Shields        | 1 2 |  2.1
Unarmed Combat | 1 2 |  2.1
Spellcasting   | 1 2 |  2.1
Invocations    | 1 2 |  2.3
Evocations     | 1 2 |  2.1
Conjurations   | 1 |  1.6
Hexes          | 1 |  1.6
Summonings     | 1 |  1.6
Necromancy     | 1 |  1.6
Translocations | 1 |  1.6
Transmutations | 1 |  1.6
Fire Magic     | 1 |  1.6
Ice Magic      | 1 |  1.6
Air Magic      | 1 |  1.6
Earth Magic    | 1 |  1.6
Poison Magic   | 1 |  1.6
Short Blades   | 5 |  5.0
Dodging        | 5 |  5.0
Fighting       | |  6.9

Action                   |  1- 3 |  4- 6 || total
-------------------------+-------+-------++-------
Melee: Short sword       |    15 |   187 ||   202
       Bite              |     2 |    23 ||    25
       Punch             |     1 |     6 ||     7
  Use: Scroll            |       |     1 ||     1
 Stab: Sleeping          |       |    30 ||    30
Armor: Leather armour    |     1 |    14 ||    15
Dodge: Dodged            |     8 |    72 ||    80

Table legend: (Time is in decaauts)
 A = Elapsed time spent in this place.
 B = Non-inter-level travel time spent in this place.
 C = Inter-level travel time spent in this place.
 D = Time resting spent in this place.
 E = Time spent auto-exploring this place.
 F = Levels seen in this place.
 G = Mean time per level.
                   A        B        C        D        E       F      G
               +--------+--------+--------+--------+--------+-----+--------+
         Total |   2553 |   2519 |     34 |    707 |   1228 |   2 | 1276.5 |
       Dungeon |    671 |    637 |     34 |      0 |    543 |   1 |  671.0 |
       Ossuary |   1881 |   1881 |      0 |    707 |    685 |   1 | 1881.0 |
               +--------+--------+--------+--------+--------+-----+--------+

Top non-repeatable levels by time:
 Ossuary: 1881 daAuts
     D:5: 671 daAuts
